 Dungeon Crawl Stone Soup version 0.31-a0-83-gbff143cfd1 (webtiles) character file.

Game seed: 3053582038701901415

49 Twinkles the Sneak (level 3, 27/27 HPs)
             Began as a Vampire Brigand on May 24, 2023.
             Safely got out of the dungeon.
             The game lasted 00:03:01 (1970 turns).

Twinkles the Sneak (Vampire Brigand)                Turns: 1970, Time: 00:03:01

Health: 27/27      AC:  3    Str: 10    XL:     3   Next: 53%
Magic:  3/3        EV: 12    Int: 13    God:
Gold:   91         SH:  0    Dex: 17    Spells: 2/2 levels left

rFire   . . .        a - +2 dagger
rCold   . . .        (no shield)
rNeg    . . .        b - +0 robe
rPois   .            (no helmet)
rElec   .            c - +0 cloak
rCorr   .            (no gloves)
SInv    +            (no boots)
Will    .....        (no amulet)
Stlth   +++          (no ring)
HPRegen 0.44/turn    (no ring)
MPRegen 0.08/turn

%: no passive effects
@: healing quickly
A: alive, fangs 3, see invisible, vampiric 2
a: Exsanguinate


You escaped.
You visited 1 branch of the dungeon, and saw 2 of its levels.

You collected 91 gold pieces.

Inventory:

Hand Weapons
 a - a +2 dagger (weapon)
Missiles
 d - 26 poisoned darts (quivered)
 o - 3 curare-tipped darts
Armour
 b - a +0 robe (worn)
 c - a +0 cloak (worn)
Jewellery
 g - an amulet of guardian spirit
Wands
 e - a wand of charming (4)
Scrolls
 i - 5 scrolls of identify {unknown}
 k - a scroll of fear {unknown}
 l - a scroll of teleportation {unknown}
 m - a scroll of enchant weapon {unknown}
 n - a scroll of immolation {unknown}
 r - a scroll of magic mapping {unknown}
Potions
 f - a potion of curing {unknown}
 h - a potion of resistance {unknown}
 j - 2 potions of lignification {unknown}
 p - a potion of might {unknown}
 q - 2 potions of haste {unknown}
 s - a potion of brilliance {unknown}


   Skills:
 + Level 2.2 Fighting
 + Level 2.7 Short Blades
 + Level 2.0 Throwing
 + Level 2.0 Dodging
 + Level 6.3 Stealth


You had 2 spell levels left.
You didn't know any spells.
Your spell library was empty.

Dungeon Overview and Level Annotations

Branches:
Dungeon (2/15) Zot: 10037

Altars:
Nemelex Xobeh


Innate Abilities, Weirdness & Mutations

Your natural rate of healing is accelerated.
You have razor-sharp teeth.
You have supernaturally acute eyesight. (SInv)
You are afflicted with vampirism and can become a bat while bloodless.


Message History

No target in view!
No target in view!
No target in view!
No target in view!
No target in view!
No target in view!
HP restored.
i - 4 scrolls labelled SAIW DANKOIQ (gained 1)
q - a golden potion
r - a scroll labelled ERIBUX BICUC You see here a +0 dagger.
You see here a staff of conjuration.
s - an emerald potion A rat comes into view.
Found a stone staircase leading up.
You see here a golden potion.
The rat closely misses you.
You hit the rat.
You kill the rat!
No target in view!
No target in view!
No target in view!
No target in view!
No target in view!
q - 2 golden potions (gained 1)
You see here a +0 whip.
Found a stone staircase leading down.
There is a stone staircase leading down here.
i - 5 scrolls labelled SAIW DANKOIQ (gained 1) Done exploring.
Done exploring.
There is a stone staircase leading up here.
You climb upwards.
There is a stone staircase leading down here.
There is an open door here.
There is an open door here.
There is an open door here.
There is a staircase leading out of the dungeon here.
Are you sure you want to leave the Dungeon?
This will make you lose the game!
You have escaped!

.#...~~~~...# ###.##.#######....
.#..⌠~~~~..## #...##.### #....
.#...~~~~..#####'####...# #....
.#.............#.# ###.# ##...
.#.#......####.#'# #.# #...
.#######.......#.# #.# #... .#
#.#######'## #.# #... .#
#.######...#####.# #..÷
.#######..'.'.'.@.'.'.'.######...
.......#.######...#####..........
######.#.#######'#####...........
#.#.#.....#.# #...####......
#.#.#.###.#'# #.### #.##.##
#.#.#.###.#.# #.# #.##.##
#.#.#.....#'###.# #.##...
#.#.#...........# #.#####
#.#.#.########### #......


There were no monsters in sight!

Vanquished Creatures
  An adder (D:2)
  3 dart slugs (D:1)
  2 endoplasms (D:1)
  2 giant cockroaches (D:2)
  4 goblins
  A quokka (D:2)
  A ball python (D:1)
  6 bats
  4 frilled lizards
  5 kobolds
  6 rats
35 creatures vanquished.

Notes
Turn   | Place    | Note
-------+----------+-------------------------------------------
     0 | D:1      | Twinkles the Vampire Brigand began the quest for the Orb.
     0 | D:1      | Reached XP level 1. HP: 16/16 MP: 1/1
   212 | D:1      | Reached skill level 6 in Stealth
   333 | D:1      | Reached XP level 2. HP: 19/22 MP: 2/2
  1397 | D:2      | Found a sparkling altar of Nemelex Xobeh.
  1492 | D:2      | Gained mutation: You are afflicted with vampirism and can
                  | become a bat while bloodless. [Vampire growth]
  1492 | D:2      | Reached XP level 3. HP: 27/27 MP: 3/3
  1970 | D:$      | Safely got out of the dungeon.

Illustrated notes

Levels and vault maps discovered:
D:1:      minmay_arrival_doors, layout_basic, serial_park_tiny_pond
D:2:      layout_basic, basic_altar

Skill      XL: |  1  2  3 |
---------------+----------+-----
Stealth        | 6 |  6.3
Fighting       | 2 |  2.2
Throwing       | 2 |  2.0
Dodging        | 2 |  2.0
Short Blades   | |  2.7

Action                     || total
---------------------------++-------
  Melee: Dagger            ||    60
         Bite              ||     3
   Stab: Sleeping          ||    14
 Armour: Robe              ||    18
  Dodge: Dodged            ||    22

Table legend: (Time is in decaauts)
 A = Elapsed time spent in this place.
 B = Non-inter-level travel time spent in this place.
 C = Inter-level travel time spent in this place.
 D = Time resting spent in this place.
 E = Time spent auto-exploring this place.
 F = Levels seen in this place.
 G = Mean time per level.
                   A        B        C        D        E       F      G
               +--------+--------+--------+--------+--------+-----+--------+
         Total |   1962 |   1872 |     90 |      0 |   1616 |   2 |  981.0 |
       Dungeon |   1962 |   1872 |     90 |      0 |   1616 |   2 |  981.0 |
               +--------+--------+--------+--------+--------+-----+--------+

Top non-repeatable levels by time:
     D:1: 1405 daAuts
     D:2: 557 daAuts
